 Dungeon Crawl Stone Soup version 0.29-a0-289-g2178c42546 (webtiles) character file.

Game seed: 3504344115622442483

11 Baz the Magician (level 2, 0/22 HPs)
             Began as a Djinni Fire Elementalist on Mar 17, 2022.
             Slain by a quokka (4 damage)
             ... on level 1 of the Dungeon.
             The game lasted 00:00:59 (649 turns).

Baz the Magician (Djinni Fire Elementalist)          Turns: 649, Time: 00:01:00

Health: 0/22       AC:  2    Str:  7    XL:     2   Next: 40%
Gold:   7          EV: 12    Int: 16    God:
                   SH:  0    Dex: 13

rFire   + + .      SeeInvis .   b - +0 dagger
rCold   x . .      Faith    .   (no shield)
rNeg    . . .      Spirit   .   a - +0 robe
rPois   ∞          Reflect  .   (no helmet)
rElec   .          Harm     .   (no cloak)
rCorr   .          Rampage  .   (no gloves)
Will    .....                   (boots unavailable)
Stlth   ++........              (no amulet)
HPRegen 0.07/turn               (no ring)
MPRegen 0.00/turn               (no ring)

@: flying
A: sickness immunity, fire resistance 2, cold vulnerability 1, float, innate
caster, HP casting, extra vitality 1
a: no special abilities


You were on level 1 of the Dungeon.
You visited 1 branch of the dungeon, and saw 1 of its levels.

You collected 7 gold pieces.

Inventory:

Hand Weapons
 b - a +0 dagger (weapon)
Armour
 a - a +0 robe (worn)
Scrolls
 f - a scroll of vulnerability {unknown}
Potions
 c - a potion of lignification {unknown}
 d - a potion of haste {unknown}
 e - 2 potions of mutation {unknown}


   Skills:
 * Level 1.0 Fighting
 + Level 2.4 Dodging
 - Level 1.5 Stealth
 * Level 2.6 Spellcasting


You couldn't memorise any spells.
You knew the following spells:

 Your Spells              Type           Power      Damage    Failure   Level
a - Foxfire               Conj/Fire      40%        2x1d6     7%          1
b - Scorch                Fire           20%        2d6       10%         2
c - Conjure Flame         Conj/Fire      10%        6-21      21%         3
d - Inner Flame           Hex/Fire       10%        N/A       21%         3
e - Flame Wave            Conj/Fire      10%        2d5       54%         4
Your spell library was empty.

Dungeon Overview and Level Annotations

Branches:
Dungeon (1/15)

Altars:


Innate Abilities, Weirdness & Mutations

You are immune to sickness and miasma.
You are immune to poison.
Your flesh is very heat resistant. (rF++)
You are vulnerable to cold. (rC-)
You float through the air rather than walking.
You learn spells naturally, not from books.
Your magical power is your life essence.
You have superior vitality. (+4 MHP)


Message History

You are frozen.
The kobold hits you with a +0 short sword.
Casting: Foxfire (safe; 7% risk of failure)
Confirm with . or Enter, or press ? or * to list all spells.
You conjure some foxfire!
The foxfire hits the kobold.
You kill the kobold!
The endoplasm freezes you.
You are frozen.
You feel a terrible chill!
* * * LOW HITPOINT WARNING * * *
The quokka closely misses you.
Your Fighting skill increases to level 1!
The foxfire hits the endoplasm.
You kill the endoplasm!
The foxfire hits the quokka.
The quokka is moderately wounded.
Casting: Foxfire (safe; 7% risk of failure)
Confirm with . or Enter, or press ? or * to list all spells.
You conjure some foxfire!
* * * LOW HITPOINT WARNING * * *
The quokka barely misses you.
Unknown command.
The foxfire hits the kobold.
The kobold is moderately wounded.
The foxfire hits the kobold.
The kobold is severely wounded.
Your magical contamination has completely faded away.
Casting: Foxfire (safe; 7% risk of failure)
Confirm with . or Enter, or press ? or * to list all spells.
You conjure some foxfire!
* * * LOW HITPOINT WARNING * * *
The quokka misses you. The kobold completely misses you.
The quokka closely misses you. The kobold attacks as you move away!
The kobold hits you with a +0 short sword.
* * * LOW HITPOINT WARNING * * *
The foxfire hits the kobold.
You kill the kobold!
The foxfire hits the quokka but does no damage.
The quokka bites you.
You die...

#......# #......# #......#
.########### #......#
...........# #..K...#
.#########.#########......#
#####....).............#
#......§.r..)#.##......#
#......§@....#.##......#
#.....#.####(#.##......#
##...##.####.#.##########
### #...............# #.
..# #...#######.###.# #.
..# #...# #.# #.#######.
..# ###...#########
#......##. ..#
#.....#......# #.####.##.
..# #...###..##..# #.#
##.##.


You could see a quokka.

Vanquished Creatures
  A dart slug (D:1)
  A bat (D:1)
  An endoplasm (D:1)
  A giant cockroach (D:1)
  A quokka (D:1)
  A ball python (D:1)
  2 goblins (D:1)
  2 kobolds (D:1)
10 creatures vanquished.

Vanquished Creatures (others)
  33 foxfires (D:1)
33 creatures vanquished.

Grand Total: 43 creatures vanquished

Notes
Turn   | Place    | Note
-------+----------+-------------------------------------------
     0 | D:1      | Baz the Djinni Fire Elementalist began the quest for the
                  | Orb.
     0 | D:1      | Reached XP level 1. HP: 15/15 MP: 0/0
   160 | D:1      | Reached XP level 2. HP: 8/22 MP: 0/0
   644 | D:1      | Reached skill level 1 in Fighting
   649 | D:1      | Slain by a quokka

Illustrated notes

Levels and vault maps discovered:
D:1:      amcnicky_arrival_wind_blow, layout_basic

Skill      XL: |  1  2 |
---------------+-------+-----
Fighting       | 1 |  1.0
Dodging        | |  2.4
Stealth        | |  1.5
Spellcasting   | |  2.6

Action                   || total
-------------------------++-------
 Cast: Foxfire           ||    20
Dodge: Dodged            ||    13

Table legend: (Time is in decaauts)
 A = Elapsed time spent in this place.
 B = Non-inter-level travel time spent in this place.
 C = Inter-level travel time spent in this place.
 D = Time resting spent in this place.
 E = Time spent auto-exploring this place.
 F = Levels seen in this place.
 G = Mean time per level.
                   A        B        C        D        E       F      G
               +--------+--------+--------+--------+--------+-----+--------+
         Total |    648 |    648 |      0 |    214 |    356 |   1 |  648.0 |
       Dungeon |    648 |    648 |      0 |    214 |    356 |   1 |  648.0 |
               +--------+--------+--------+--------+--------+-----+--------+

Top non-repeatable levels by time:
     D:1: 648 daAuts
